 Dungeon Crawl Stone Soup version 0.29.0-4-gdea44cf6ec (webtiles) character file.

Game seed: 18362411331661365121

53 qw the Ruffian (level 3, -2/28 HPs)
             Began as a Ghoul Fire Elementalist on Aug 30, 2022.
             Slain by a gnoll
             ... wielding a +0 club
              (3 damage)
             ... on level 2 of the Dungeon.
             The game lasted 00:01:32 (1194 turns).

qw the Ruffian (Ghoul Fire Elementalist)            Turns: 1194, Time: 00:01:32

Health: -2/28      AC:  5    Str: 13    XL:     3   Next: 87%
Magic:  4/4        EV: 10    Int: 10    God:
Gold:   106        SH:  0    Dex:  9    Spells: 4/5 levels left

rFire   . . .      SeeInvis .     - Unarmed
rCold   + . .      Faith    .   (no shield)
rNeg    + + +      Spirit   .   g - +0 ring mail
rPois   inf        Reflect  .   (no helmet)
rElec   .          Harm     .   (no cloak)
rCorr   .          Rampage  .   (no gloves)
Will    .....                   (no boots)
Stlth   +.........              (no amulet)
HPRegen 0.00/turn               (no ring)
MPRegen 0.09/turn               (no ring)

@: inhibited regen
A: claws 1, cold resistance 1, negative energy resistance 3, inhibited
regeneration, torment resistance 2, devour on kill
a: no special abilities


You were on level 2 of the Dungeon.
You visited 1 branch of the dungeon, and saw 2 of its levels.

You collected 106 gold pieces.


Innate Abilities, Weirdness & Mutations

You are immune to poison.
You have sharp fingernails.
Your flesh is cold resistant. (rC+)
You are immune to negative energy. (rN+++)
You do not regenerate when monsters are visible.
You are immune to unholy pain and torment.
You thrive by killing the living.


   Skills:
 - Level 1.0 Fighting
 - Level 1.7 Dodging
 - Level 2.1 Stealth
 + Level 3.4 Unarmed Combat
 - Level 1.7 Spellcasting
 - Level 0.7 Conjurations
 - Level 2.4 Fire Magic


You had 4 spell levels left.
You knew the following spells:

 Your Spells              Type           Power      Damage    Failure   Level
a - Foxfire               Conj/Fire      16%        2x1d4     36%         1

Your spell library contained the following spells:

 Spells                   Type           Power      Damage    Failure   Level
 Scorch                   Fire           10%        2d5       36%         2
 Conjure Flame            Conj/Fire      4%         6-21      73%         3
 Inner Flame              Hex/Fire       3%         N/A       78%         3
 Flame Wave               Conj/Fire      4%         2d5       98%         4

Inventory:

Armour
 g - a +0 ring mail (worn)
Scrolls
 k - 2 scrolls of identify
Potions
 a - a potion of attraction {unknown}
 d - a potion of flight {unknown}
 e - a potion of might
 h - a potion of heal wounds {unknown}
 i - a potion of haste
 j - a potion of resistance {unknown}

Dungeon Overview and Level Annotations

Branches:
Dungeon (2/15)

Altars:


Message History

A gnoll comes into view. It is wielding a +0 club.
There is an open door here.
Enter note: The gnoll shouts!
A gnoll comes into view. It is wielding a +0 flail.
A gnoll comes into view. It is wielding a +0 club.
1179 ||| Stepping ~*~*~tactically~*~*~ (stealth).
The gnoll moves out of view.
The gnoll shouts!
You hear a shout!
There is an open door here.
A gnoll comes into view. It is wielding a +0 spear.
1184 ||| Stepping ~*~*~tactically~*~*~ (stealth).
The gnoll shouts! x2
There is an open door here.
1186 ||| Stepping ~*~*~tactically~*~*~ (hiding).
You scratch the gnoll.
The gnoll is moderately wounded.
The gnoll hits you with a +0 club.
You scratch the gnoll.
The gnoll is moderately wounded.
The gnoll hits you with a +0 club.
You claw the gnoll!
The gnoll is almost dead.
The gnoll hits you with a +0 club.
The gnoll hits you from afar with a +0 spear.
You barely miss the gnoll.
The gnoll is almost dead.
The gnoll hits you but does no damage.
The gnoll hits you from afar with a +0 spear.
You scratch the gnoll.
You kill the gnoll!
You feel better.
The gnoll hits you from afar with a +0 spear!
You scratch the gnoll.
The gnoll is moderately wounded.
The gnoll hits you with a +0 club. The gnoll barely misses you.
You scratch the gnoll but do no damage.
The gnoll is moderately wounded.
The gnoll hits you with a +0 club.
You die...

#.# #.# ###.#..
#.# ....... #.#
....... #.#
......# #.#
....... #.#
.....#
#.#########.....#
#........@gg....#
###########g....#
......# ......#
......# .g....#
.g....# ......#


You could see 3 gnolls.

Vanquished Creatures
  A gnoll (D:2)
  2 dart slugs
  6 bats
  2 endoplasms (D:2)
  A giant cockroach (D:2)
  5 goblins
  5 hobgoblins (D:1)
  2 kobolds (D:2)
  A quokka (D:2)
  5 ball pythons
  3 frilled lizards (D:2)
  5 rats
38 creatures vanquished.

Notes
Turn   | Place    | Note
-------+----------+-------------------------------------------
     0 | D:1      | qw the Ghoul Fire Elementalist began the quest for the Orb.
     0 | D:1      | Reached XP level 1. HP: 14/14 MP: 2/2
     0 | D:1      | 0 ||| qw: Version: 0.1-a-90-g952f4b7
     0 | D:1      | 0 ||| qw: Game counter: 4282
     0 | D:1      | 0 ||| qw: Always use a shield: true
     0 | D:1      | 0 ||| qw: God list: Okawaru
     0 | D:1      | 0 ||| qw: Allow faded altars: false
     0 | D:1      | 0 ||| qw: Do Orc after D:15 true
     0 | D:1      | 0 ||| qw: Do second Lair branch before Depths: true
     0 | D:1      | 0 ||| qw: Lair rune preference: random
     0 | D:1      | 0 ||| qw: Plans: Normal
     0 | D:1      | 0 ||| PLANNING D:1-11
   131 | D:1      | Reached skill level 1 in Unarmed Combat
   204 | D:1      | Reached skill level 1 in Fighting
   204 | D:1      | Reached XP level 2. HP: 21/23 MP: 3/3
   283 | D:1      | 283 ||| Stepping ~*~*~tactically~*~*~ (outnumbered).
   284 | D:1      | 284 ||| Stepping ~*~*~tactically~*~*~ (outnumbered).
   285 | D:1      | 285 ||| Stepping ~*~*~tactically~*~*~ (outnumbered).
   286 | D:1      | 286 ||| Stepping ~*~*~tactically~*~*~ (outnumbered).
   287 | D:1      | 287 ||| Stepping ~*~*~tactically~*~*~ (outnumbered).
   288 | D:1      | 288 ||| Stepping ~*~*~tactically~*~*~ (outnumbered).
   289 | D:1      | 289 ||| Stepping ~*~*~tactically~*~*~ (outnumbered).
   290 | D:1      | 290 ||| Stepping ~*~*~tactically~*~*~ (outnumbered).
   292 | D:1      | 292 ||| Stepping ~*~*~tactically~*~*~ (outnumbered).
   414 | D:1      | Found a faded altar of an unknown god.
   490 | D:1      | Reached skill level 2 in Unarmed Combat
   635 | D:1      | 635 ||| UPGRADING to +0 ring mail.
   645 | D:1      | 645 ||| DROPPING +0 robe.
   646 | D:1      | 646 ||| READING 2 scrolls labelled HOGGIO ITUOLA.
   647 | D:1      | 647 ||| READING scroll labelled MAAPIYRUAD.
   648 | D:1      | 648 ||| DRINKING 2 murky blue potions.
   649 | D:1      | 649 ||| DRINKING 2 ruby potions.
   650 | D:1      | 650 ||| DRINKING 2 bubbling pink potions.
   651 | D:1      | 651 ||| DROPPING potion of magic.
   652 | D:1      | 652 ||| DROPPING potion of berserk rage.
   742 | D:2      | Reached XP level 3. HP: 26/28 MP: 4/4
   755 | D:2      | 755 ||| Stepping ~*~*~tactically~*~*~ (stealth).
  1112 | D:2      | Reached skill level 3 in Unarmed Combat
  1179 | D:2      | 1179 ||| Stepping ~*~*~tactically~*~*~ (stealth).
  1184 | D:2      | 1184 ||| Stepping ~*~*~tactically~*~*~ (stealth).
  1186 | D:2      | 1186 ||| Stepping ~*~*~tactically~*~*~ (hiding).
  1192 | D:2      | HP: 7/28 [gnoll/+0 spear (8)]
  1193 | D:2      | HP: 1/28 [gnoll/+0 club (6)]
  1194 | D:2      | Slain by a gnoll

Levels and vault maps discovered:
D:1:      arrival_zaba_pyramid, layout_rooms, shapermc_ecumenical_altar_pompeii
D:2:      layout_basic

Skill      XL: |  1  2  3 |
---------------+----------+-----
Unarmed Combat | 1 2 3 |  3.4
Fighting       | 1 |  1.0
Dodging        | |  1.7
Stealth        | |  2.1
Spellcasting   | |  1.7
Conjurations   | |  0.7
Fire Magic     | |  2.4

Action                   || total
-------------------------++-------
Melee: Unarmed           ||   120
       Punch             ||     2
Throw: Boomerang         ||     3
  Use: Potion            ||     3
       Scroll            ||     2
Armor: Robe              ||     8
       Ring mail         ||    17
Dodge: Dodged            ||    57

Table legend:
 A = Non-vault XP
 B = Vault XP
 C = Vault XP percentage of total XP
 D = Non-vault monster count
 E = Vault monster count
 F = Vault count percentage of total count
                 A         B        C        D         E       F
            +---------+---------+-------+---------+---------+-------
      Total |      76 |       0 |   0.0 |      38 |       0 |   0.0
            +---------+---------+-------+---------+---------+-------
        D:1 |      28 |       0 |   0.0 |      15 |       0 |   0.0
        D:2 |      48 |       0 |   0.0 |      23 |       0 |   0.0
            +---------+---------+-------+---------+---------+-------
